Map: Arctic Dream LE

Players

Happyfeet

  • Race: Protoss Protoss
  • Spawn Location: 6:00

Nosebutter

  • Race: Protoss Protoss
  • League: Bronze
  • Spawn Location: 5:00

qqq - Winner!

  • Race: Zerg Zerg
  • League: Platinum
  • Spawn Location: 12:00

Massa - Winner!

  • Race: Terran Terran
  • League: Gold
  • Spawn Location: 11:00

VOD

Have the link to the VOD?

Description

Time

  • Played on: May 31, 2020, 9:28 a.m.
  • Length: 5:26
Show
View Real Time Build Order
Export as new Build Order

Happyfeet Protoss 

Build Orders: 1 Gate Expand 

Get SALT Encoding   

  12  0:01  Probe  
  13  0:13  Probe  
  14  0:23  Pylon  
  14  0:25  Probe  
  15  0:41  Probe  
  16  0:47  Gateway  
  16  0:53  Probe (Chrono Boost)  
  16  0:55  Assimilator  
  18  1:04  Probe (Chrono Boost)  
  18  1:08  Probe (Chrono Boost)  
  19  1:25  Nexus  
  19  1:27  Probe  
  20  1:42  Cybernetics Core  
  20  1:44  Probe (Chrono Boost)  
  21  1:47  Assimilator  
  22  1:56  Probe (Chrono Boost)  
  22  2:02  Pylon  
  22  2:11  Probe  
  23  2:19  Warp Gate  
  23  2:20  Gateway  
  23  2:23  Adept  
  23  2:28  Shield Battery  
  25  2:37  Probe  
  26  2:45  Probe  
  26  2:50  Probe  
  28  2:57  Twilight Council  
  29  3:01  Probe (Chrono Boost)  
  29  3:02  Probe (Chrono Boost)  
  30  3:07  Sentry  
  30  3:12  Probe (Chrono Boost)  
  34  3:13  Probe (Chrono Boost)  
  34  3:17  Probe (Chrono Boost)  
  35  3:22  Probe  
  36  3:28  Probe, Gateway  
  36  3:34  Probe  
  38  3:37  Templar Archives  
  38  3:40  Probe  
  38  3:52  Probe  
  38  3:53  Probe, Pylon  
  38  3:54  Assimilator  
  40  4:04  Pylon  
  40  4:07  Stalker, Sentry  
  44  4:15  Assimilator  
  42  4:26  Zealot  
Show
View Real Time Build Order
Export as new Build Order

Nosebutter Protoss 

Build Orders:  

Get SALT Encoding   

  12  0:00  Probe  
  13  0:13  Probe  
  14  0:20  Pylon  
  14  0:25  Probe  
  15  0:38  Probe (Chrono Boost)  
  15  0:40  Gateway  
  17  0:50  Probe (Chrono Boost)  
  17  0:52  Assimilator  
  17  0:55  Probe (Chrono Boost)  
  18  1:08  Probe  
  19  1:20  Probe  
  20  1:29  Cybernetics Core  
  20  1:41  Probe  
  21  1:49  Nexus  
  21  1:51  Pylon  
  21  1:54  Probe  
  21  1:59  Warp Gate (Chrono Boost)  
  21  2:03  Assimilator  
  21  2:06  Probe  
  22  2:13  Pylon  
  22  2:19  Probe  
  23  2:31  Probe  
  24  2:37  Robotics Facility  
  24  2:43  Probe  
  25  2:47  Stalker  
  27  2:55  Probe  
  28  3:00  Twilight Council  
  28  3:02  Probe  
  29  3:07  Probe  
  30  3:14  Probe  
  30  3:19  Gateway  
  31  3:20  Gateway  
  31  3:23  Probe  
  32  3:29  Observer (Chrono Boost)  
  33  3:48  Shield Battery  
  33  3:50  Stalker  
  35  3:56  Probe  
  35  3:57  Probe  
  35  3:59  Assimilator  
  37  4:03  Assimilator  
  37  4:09  Probe x2  
  39  4:17  Warp Prism  
  39  4:21  Probe x2  
  43  4:33  Probe x2  
  43  4:38  Stalker x3  
  45  5:05  Zealot  
  49  5:07  Stalker x2  
Show
View Real Time Build Order
Export as new Build Order

qqq Zerg - Winner!

Build Orders: Hatch First 

Get SALT Encoding   

  12  0:02  Drone  
  13  0:09  Drone  
  14  0:35  Hatchery  
  13  0:52  Spawning Pool  
  12  0:57  Overlord  
  12  1:02  Drone  
  13  1:07  Drone  
  13  1:10  Extractor  
  13  1:17  Drone  
  14  1:27  Drone  
  15  1:39  Zergling x2  
  16  1:40  Queen  
  16  1:43  Drone  
  19  1:54  Drone  
  19  1:55  Drone  
  21  2:10  Zergling x2  
  21  2:15  Drone x2  
  24  2:16  Roach Warren, Zergling x2  
  24  2:25  Drone  
  25  2:35  Zergling x4  
  27  2:37  Metabolic Boost  
  27  2:41  Overlord  
  27  2:48  Overlord  
  27  2:57  Overlord  
  27  2:58  Drone  
  28  3:06  Queen  
  28  3:10  Roach  
  32  3:15  Roach  
  36  3:20  Roach  
  36  3:22  Drone  
  37  3:29  Roach  
  37  3:32  Zergling x2  
  37  3:33  Zergling x2  
  41  3:35  Drone  
  41  3:38  Zergling x2  
  43  3:44  Zergling x2  
  43  3:48  Zergling x2  
  45  3:59  Roach x3  
  45  4:01  Overlord  
  51  4:03  Drone  
  49  4:31  Roach x5  
  56  4:32  Drone x2  
  56  4:33  Roach  
  56  4:34  Overlord  
  59  4:46  Overlord x2  
Show
View Real Time Build Order
Export as new Build Order

Massa Terran - Winner!

Build Orders:  

Get SALT Encoding   

  12  0:11  Supply Depot  
  12  0:13  SCV  
  13  0:27  SCV  
  14  0:39  SCV  
  14  0:40  Barracks  
  15  0:48  Supply Depot  
  15  0:52  SCV  
  16  1:04  SCV  
  17  1:11  Barracks  
  17  1:16  SCV  
  18  1:28  SCV  
  18  1:29  Barracks  
  19  1:34  Marine  
  20  2:05  Barracks  
  20  2:06  Marine x2  
  22  2:16  Supply Depot  
  22  2:20  Marine, Supply Depot  
  23  2:23  Marine  
  23  2:24  Marine  
  25  2:38  Marine  
  25  2:41  Marine x2  
  25  2:43  Orbital Command  
  28  2:48  Refinery  
  28  2:56  Marine x2  
  28  2:57  Supply Depot  
  30  2:59  Marine  
  30  3:00  Marine  
  32  3:14  Marine x2  
  32  3:17  Marine  
  32  3:18  Marine  
  36  3:31  Marine  
  36  3:32  Marine  
  38  3:35  Marine  
  38  3:36  Marine  
  40  3:44  Supply Depot  
  40  3:49  Marine  
  40  3:50  SCV  
  42  3:59  Marine  
  42  4:01  Marine  
  44  4:02  Command Center  
  44  4:04  Marine  
  44  4:09  Marine  
Tags
 
Add a new tag
Caveats
  • Supply blocks, unpowered buildings, or Contaminate may cause inaccurate times.
  • Supply counts are checked every 10 seconds.